 Dungeon Crawl Stone Soup version 0.31-a0-233-g139696dc86 (webtiles) character file.

Game seed: 14353831108877756180

80 qw the Shooter (level 4, 0/26 HPs)
             Began as a Gargoyle Hexslinger on July 9, 2023.
             Frozen to death by an endoplasm (5 damage)
             ... on level 2 of the Dungeon.
             The game lasted 00:00:30 (1644 turns).

qw the Shooter (Gargoyle Hexslinger)                Turns: 1644, Time: 00:00:30

Health: 0/26       AC:  8    Str: 12    XL:     4   Next: 39%
Magic:  5/5        EV: 10    Int: 13    God:
Gold:   64         SH:  0    Dex: 14    Spells: 4/5 levels left

rFire   . . .        Y - +2 sling
rCold   . . .        (no shield)
rNeg    + . .        i - +0 ring mail
rPois   inf          (no helmet)
rElec   +            (no cloak)
rCorr   .            (no gloves)
SInv    .            (no boots)
Will    .....        (no amulet)
Stlth   +            (no ring)
HPRegen 0.24/turn    (no ring)
MPRegen 0.09/turn

%: no passive effects
@: no status effects
A: sickness immunity, AC +3, negative energy resistance 1, electricity
resistance, torment resistance 1, petrification resistance
a: no special abilities


You were on level 2 of the Dungeon.
You visited 1 branch of the dungeon, and saw 2 of its levels.

You collected 64 gold pieces.


Innate Abilities, Weirdness & Mutations

You are immune to sickness and miasma.
Your stone body is resilient. (AC +3)
You are immune to poison.
You resist negative energy. (rN+)
You are resistant to electric shocks. (rElec)
You are resistant to unholy torment.
You are immune to petrification.


   Skills:
 - Level 2.0 Fighting
 - Level 4.1 Ranged Weapons
 + Level 0.1 Armour
 - Level 1.5 Dodging
 - Level 1.0 Spellcasting
 - Level 2.6 Hexes


You had 4 spell levels left.
You knew the following spells:

 Your Spells              Type           Power      Damage    Failure   Level
a - Slow                  Hex            28%        N/A       22%         1

Your spell library contained the following spells:

 Spells                   Type           Power      Damage    Failure   Level
 Inner Flame              Hex/Fire       4%         N/A       73%         3
 Portal Projectile        Hex/Tloc       8%         N/A       73%         3
 Cause Fear               Hex            3%         N/A       91%         4

Inventory:

Hand Weapons
 Y - a +2 sling (weapon)
Armour
 i - a +0 ring mail (worn)
Scrolls
 a - a scroll of vulnerability {unknown}
 b - a scroll of identify
Potions
 c - a potion of attraction {unknown}
 d - a potion of heal wounds {unknown}
 h - a potion of might {unknown}
 j - a potion of haste {unknown}
 l - a potion of enlightenment {unknown}

Dungeon Overview and Level Annotations

Branches:
Dungeon (2/15)

Altars:


Message History

You kill the jelly!
A nearby fungus withers and dies.
The endoplasm completely misses the fungus.
The endoplasm hits the fungus. x3
The endoplasm hits you but does no damage.
The endoplasm barely misses you.
Your Ranged Weapons skill increases to level 4!
You have reached level 4!
You feel stronger.
You shoot a sling bullet.
The sling bullet barely misses the endoplasm.
A nearby fungus withers and dies.
The endoplasm hits you but does no damage.
The endoplasm freezes you.
You are frozen.
You shoot a sling bullet. The sling bullet hits the endoplasm.
You kill the endoplasm!
The endoplasm hits you but does no damage.
You shoot a sling bullet. The sling bullet hits the jelly.
The jelly is moderately wounded.
The jelly hits you but does no damage.
The endoplasm hits you but does no damage.
The endoplasm freezes you.
You are frozen.
The jelly closely misses you. The endoplasm freezes you.
You are frozen.
The endoplasm freezes you.
You are frozen.
You shoot a sling bullet. The sling bullet hits the jelly.
The jelly is heavily wounded.
The jelly hits you but does no damage. The endoplasm freezes you.
You are frozen.
The endoplasm hits you but does no damage.
You shoot a sling bullet. The sling bullet hits the jelly.
The jelly is severely wounded.
The jelly hits you.
You are splashed with acid!
The endoplasm hits you but does no damage.
The endoplasm freezes you.
You are frozen.
You die...

## #........ #
################.####### #
[......P.##......# #
.P.P.P.P.####....# # .P.P.P...#
#....# # .P.%.....# #....# #
....%JJJJ# #....####### #
.....JJJJ# #........... #
#######@# ###....####.## ######
##).....## #.....## #.# .....#
#.######## ###.#.# #.#
####.#####..'....# ###.#.# #.#
#.#.# ####....# #...#.# #.## ##
#.#.# #.......# #####.# #<.# .#
#.#.# #.......# #.# #..#
.###.#%###.[..)..#######.# #..#
........##...)...##......#####..#


You could see a jelly and 7 endoplasms.

Vanquished Creatures
  A jelly (D:2)
  An adder (D:2)
  A worm (D:2)
  A dart slug (D:1)
  3 ball pythons
  3 endoplasms
  A giant cockroach (D:1)
  3 goblins (D:1)
  4 hobgoblins
  A quokka (D:1)
  3 bats
  A frilled lizard (D:2)
  8 kobolds (D:2)
  4 rats
35 creatures vanquished.

Notes
Turn   | Place    | Note
-------+----------+-------------------------------------------
     0 | D:1      | qw the Gargoyle Hexslinger began the quest for the Orb.
     0 | D:1      | Reached XP level 1. HP: 12/12 MP: 2/2
     0 | D:1      | 0 ||| qw: Version: 0.3-a-51-g015441d
     0 | D:1      | 0 ||| qw: Game counter: 3994
     0 | D:1      | 0 ||| qw: Melee chars always use a shield: true
     0 | D:1      | 0 ||| qw: God list: Okawaru
     0 | D:1      | 0 ||| qw: Allow faded altars: false
     0 | D:1      | 0 ||| qw: Do Orc after clearing Dungeon:15 true
     0 | D:1      | 0 ||| qw: Do second Lair branch before Depths: true
     0 | D:1      | 0 ||| qw: Lair rune preference: random
     0 | D:1      | 0 ||| qw: Goals: Normal
     0 | D:1      | 0 ||| PLANNING D:1-11
    75 | D:1      | Reached XP level 2. HP: 16/16 MP: 3/3
   338 | D:1      | Reached skill level 3 in Ranged Weapons
   836 | D:1      | Found a faded altar of an unknown god.
  1010 | D:1      | 1010 ||| UPGRADING to +0 ring mail.
  1020 | D:1      | 1020 ||| DROPPING +0 robe.
  1021 | D:1      | 1021 ||| READING scroll labelled FICSUD PAUSOY.
  1022 | D:1      | 1022 ||| READING scroll labelled APNOBO XYOKHO.
  1023 | D:1      | 1023 ||| READING scroll labelled HAFEGIESHRU.
  1024 | D:1      | 1024 ||| READING scroll labelled TETSOYTT BYJI.
  1025 | D:1      | 1025 ||| DROPPING scroll of poison.
  1117 | D:2      | Reached XP level 3. HP: 21/21 MP: 4/4
  1640 | D:2      | Reached skill level 4 in Ranged Weapons
  1640 | D:2      | Reached XP level 4. HP: 24/26 MP: 5/5
  1644 | D:2      | HP: 5/26 [acid (7)]
  1644 | D:2      | Frozen to death by an endoplasm

Levels and vault maps discovered:
D:1:      elethiomel_arrival_infinity_welcomes_careful_drivers, layout_basic,
          ebering_ecumenical_altar_ruins, dk_noncrumbling_4
D:2:      cheibrodos_fertilizer, layout_loops_ring

Skill      XL: |  1  2  3 |
---------------+----------+-----
Ranged Weapons | 3 4 |  4.1
Fighting       | 2 |  2.0
Armour         | |  0.1
Dodging        | |  1.5
Spellcasting   | |  1.0
Hexes          | |  2.6

Action                     |  1- 3 |  4- 6 || total
---------------------------+-------+-------++-------
   Fire: Sling             |   109 |     5 ||   114
    Use: Scroll            |     4 |       ||     4
 Armour: Robe              |     3 |       ||     3
         Ring mail         |    16 |     7 ||    23
  Dodge: Dodged            |    22 |     1 ||    23

Table legend:
 A = Non-vault XP
 B = Vault XP
 C = Vault XP percentage of total XP
 D = Non-vault monster count
 E = Vault monster count
 F = Vault count percentage of total count
                 A         B        C        D         E       F
            +---------+---------+-------+---------+---------+-------
      Total |      62 |      53 |  46.1 |      27 |       8 |  22.9
            +---------+---------+-------+---------+---------+-------
        D:1 |      29 |       0 |   0.0 |      15 |       0 |   0.0
        D:2 |      33 |      53 |  61.6 |      12 |       8 |  40.0
            +---------+---------+-------+---------+---------+-------
